 Dungeon Crawl Stone Soup version 0.27-a0-46-g34d46f0a3f (webtiles) character file.

Game seed: 3796738450434910113

57 sahdkjhfkaj the Caller (level 4, -1/39 HPs)
             Began as an Ogre Summoner on Jan 6, 2021.
             Slain by a gnoll
             ... wielding a +0 spear
              (9 damage)
             ... on level 2 of the Dungeon.
             The game lasted 00:02:55 (3164 turns).

sahdkjhfkaj the Caller (Ogre Summoner)              Turns: 3164, Time: 00:02:56

Health: -1/39      AC:  3    Str: 12    XL:     4   Next: 0%
Magic:  3/8        EV: 10    Int: 17    God:
Gold:   62         SH:  0    Dex:  9    Spells: 3/9 levels left

rFire    . . .     SeeInvis .   b - +0 short sword
rCold    . . .     Faith    .   (no shield)
rNeg     . . .     Spirit   .   a - +0 robe
rPois    .         Reflect  .   (helmet restricted)
rElec    .         Harm     .   (no cloak)
rCorr    .         Rampage  .   (gloves unavailable)
Will     .....                  (boots unavailable)
Stlth    +.........             (no amulet)
HPRegen  0.13/turn              (no ring)
MPRegen  0.11/turn              (no ring)

@: no status effects
A: large, unfitting armour, tough skin 1
a: no special abilities


You were on level 2 of the Dungeon.
You visited 1 branch of the dungeon, and saw 3 of its levels.

You collected 62 gold pieces.

Inventory:

Hand Weapons
 b - a +0 short sword (weapon)
Armour
 a - a +0 robe (worn)
Jewellery
 e - an uncursed ring of resist corrosion {unknown}
Scrolls
 c - a scroll of fear {unknown}
 d - a scroll of magic mapping
 i - a scroll of identify {unknown}
 j - a scroll of fog {unknown}
Potions
 f - a potion of attraction {unknown}
 g - a potion of flight
 h - a potion of brilliance {unknown}


   Skills:
 - Level 1.7 Dodging
 - Level 1.4 Stealth
 + Level 3.3 Spellcasting
 * Level 4.5 Summonings


You had 3 spell levels left.
You knew the following spells:

 Your Spells              Type           Power        Failure   Level
a - Summon Small Mammal   Summ           72%          2%          1
C - Call Imp              Summ           18%          4%          2
F - Call Canine Familiar  Summ           18%          8%          3

Your spell library contained the following spells:

 Spells                   Type           Power        Failure   Level
 Summon Guardian Golem    Hex/Summ       10%          21%         3
 Summon Ice Beast         Ice/Summ       10%          54%         4
 Summon Lightning Spire   Summ/Air       10%          54%         4


Dungeon Overview and Level Annotations

Branches:
Dungeon (3/15)

Altars:
Cheibriados


Innate Abilities, Weirdness & Mutations

You are too large for most types of armour.
You have tough skin. (AC +1)


Message History

The gnoll hits you with a +0 spear!
You climb upwards.
There is a stone staircase leading down here.
A gnoll is nearby!
The gnoll hits you with a +0 spear.
* * * LOW HITPOINT WARNING * * *
The gnoll barely misses you.
There is an escape hatch in the ceiling here.
Casting: Call Imp (safe; 4% risk of failure)
Confirm with . or Enter, or press ? or * to list all spells.
You miscast Call Imp.
You are very lightly contaminated with residual magic.
Nothing appears to happen.
The gnoll hits you from afar with a +0 spear.
* * * LOW HITPOINT WARNING * * *
Your magical contamination has completely faded away.
Casting: Call Imp (safe; 4% risk of failure)
Confirm with . or Enter, or press ? or * to list all spells.
The gnoll hits you from afar with a +0 spear!
You die...

#.##.#.............
#<##.#..###.###....
#.##.#...##.# ##.#.
######....##..##.# #.#.
#.......####..##.# #.#.
#.#####.# #..##.####.#)
#.# #g# #..##......#.
#.# #.# #..##..#####.
#.# #@# ##..#...#####.
#.# #h###.............
#[#####.##...##...#####.
#.......#...............
#######...........#####.
###.....##......(.
##...###.####### ##.##
#.# #.# #.# #


You could see a gnoll and a friendly hound (summoned).

Vanquished Creatures
  2 dart slugs
  A leopard gecko (D:1)
  A bat (D:1)
  A giant cockroach (D:1)
  A goblin (D:2)
  A hobgoblin (D:1)
  3 jackals
  3 kobolds
  3 frilled lizards
  2 rats (D:1)
18 creatures vanquished.

Vanquished Creatures (collateral kills)
  An adder (D:2)
  2 worms (D:2)
  2 dart slugs (D:1)
  A leopard gecko (D:1)
  7 hobgoblins
  6 jackals
  2 bats (D:1)
  A frilled lizard (D:2)
  A kobold (D:1)
  4 rats
27 creatures vanquished.

Grand Total: 45 creatures vanquished

Notes
Turn   | Place    | Note
-------+----------+-------------------------------------------
     0 | D:1      | sahdkjhfkaj the Ogre Summoner began the quest for the Orb.
     0 | D:1      | Reached XP level 1. HP: 16/16 MP: 3/3
   173 | D:1      | Reached XP level 2. HP: 23/24 MP: 1/5
   182 | D:1      | Learned a level 2 spell: Call Imp
   319 | D:1      | Reached skill level 4 in Summonings
   777 | D:1      | Reached XP level 3. HP: 31/31 MP: 1/7
   781 | D:1      | Learned a level 3 spell: Call Canine Familiar
  1659 | D:2      | Found a snail-covered altar of Cheibriados.
  2879 | D:2      | Reached XP level 4. HP: 29/39 MP: 1/8
  3164 | D:2      | Slain by a gnoll

Illustrated notes

Levels and vault maps discovered:
D:1:      minmay_arrival_shoal_huts, layout_basic
D:2:      layout_loops_ring, kennysheep_slug_shrine
D:3:      layout_basic, grunt_temple_overflow_forces_of_nature,
          chequers_ecumenical_altar_simple_redux

Skill      XL: |  1  2 |
---------------+-------+-----
Summonings     | 4 |  4.5
Spellcasting   | 3 |  3.3
Dodging        | |  1.7
Stealth        | |  1.4

Action                   |  1- 3 |  4- 6 || total
-------------------------+-------+-------++-------
Melee: Short sword       |   107 |     4 ||   111
 Cast: Summon Small Mamm |    13 |       ||    13
       Call Imp          |    59 |       ||    59
       Call Canine Famil |     1 |     1 ||     2
  Use: Scroll            |       |     1 ||     1
       Potion            |       |     1 ||     1
 Stab: Sleeping          |     1 |       ||     1
Armor: Robe              |    39 |     2 ||    41
Dodge: Dodged            |    87 |     5 ||    92

Table legend: (Time is in decaauts)
 A = Elapsed time spent in this place.
 B = Non-inter-level travel time spent in this place.
 C = Inter-level travel time spent in this place.
 D = Time resting spent in this place.
 E = Time spent auto-exploring this place.
 F = Levels seen in this place.
 G = Mean time per level.
                   A        B        C        D        E       F      G
               +--------+--------+--------+--------+--------+-----+--------+
         Total |   3184 |   3137 |     47 |      5 |   2682 |   3 | 1061.3 |
       Dungeon |   3184 |   3137 |     47 |      5 |   2682 |   3 | 1061.3 |
               +--------+--------+--------+--------+--------+-----+--------+

Top non-repeatable levels by time:
     D:1: 1667 daAuts
     D:2: 1463 daAuts
     D:3: 53 daAuts
